 Dungeon Crawl Stone Soup version 0.32-a0-460-gc8eefc9 (webtiles) character file.

Game seed: 6210917193750279528

1792 Remcycle the Grappler (level 8, -14/74 HPs)
             Began as a Troll Monk on Feb 24, 2024.
             Was an Elder of Makhleb.
             Killed from afar by a gargoyle (22 damage)
             ... with a stone arrow
             ... on level 6 of the Dungeon.
             The game lasted 00:09:12 (3880 turns).

Remcycle the Grappler (Troll Monk)                  Turns: 3880, Time: 00:09:13

Health: -14/74     AC:  4    Str: 26    XL:     8   Next: 82%
Magic:  12/12      EV: 10    Int:  6    God:    Makhleb [****..]
Gold:   307        SH:  0    Dex: 18    Spells: 7/7 levels left

rFire   + .          .
                       - Unarmed
rCold   . . .        c - orb {light}
rNeg    . . .        a - +0 robe
rPois   +            (helmet restricted)
rElec   .            (no cloak)
rCorr   .            (gloves unavailable)
SInv    .            (boots unavailable)
Will    .....        (no amulet)
Stlth   +            h - ring "Geupp" {rF+ Str+4 Dex+6}
HPRegen 1.12/turn    d - ring of poison resistance
MPRegen 0.13/turn

%: no passive effects
@: confused, ambrosia-drunk, glowing
A: large, unfitting armour, claws 3, regeneration 1, shaggy fur 1, tough skin 1
a: Renounce Religion, Minor Destruction, Lesser Servant of Makhleb, Major
Destruction


You were on level 6 of the Dungeon.
You worshipped Makhleb.
Makhleb was greatly pleased with you.
You visited 1 branch of the dungeon, and saw 8 of its levels.

You collected 307 gold pieces.

Inventory:

Armour
 a - a +0 robe (worn)
 c - an orb of light (worn)
Jewellery
 d - a ring of poison resistance (right claw)
 f - a ring of willpower
 h - the ring "Geupp" (left claw) {rF+ Str+4 Dex+6}
   (You acquired it on level 4 of the Dungeon)

   [ring of dexterity]

   Str+4:     It affects your strength (+4).
   Dex+6:     It affects your dexterity (+6).
   rF+:       It protects you from fire.
 q - a ring of fire
 t - a +6 ring of strength
Wands
 m - a wand of flame (17)
 p - a wand of acid (10)
Scrolls
 e - 2 scrolls of fog
 g - 5 scrolls of teleportation
 i - a scroll of summoning
 n - 4 scrolls of identify
Potions
 b - 3 potions of ambrosia
 j - a potion of heal wounds {unknown}
 k - a potion of degeneration {unknown}
 l - a potion of magic {unknown}
 o - 2 potions of mutation {unknown}


   Skills:
 - Level 2.4 Fighting
 - Level 2.4 Dodging
 + Level 8.9 Unarmed Combat
 + Level 7.0 Invocations


You had 7 spell levels left.
You didn't know any spells.
Your spell library contained the following spells:

 Spells                   Type           Power      Damage    Failure   Level
 Kiss of Death            Conj/Necr      0%         2d5       45%         1
 Necrotise                Necr           0%         1d4       45%         1
 Call Imp                 Summ           0%         N/A       58%         2
 Confusing Touch          Hex            0%         N/A       83%         3
 Animate Armour           Summ/Erth      0%         N/A       99%         4
 Dispel Undead            Necr           0%         3d6       99%         4
 Dragon's Call            Summ           0%         N/A       100%        9


Dungeon Overview and Level Annotations

Branches:
Dungeon (8/15)
 Temple: D:4-7         Lair: D:8-11

Altars:
Gozag
Makhleb
Nemelex Xobeh
Qazlal
The Shining One


Innate Abilities, Weirdness & Mutations

You are too large for most types of armour.
You have claws for hands.
Your natural rate of healing is unusually fast.
You are covered in fur. (AC +1)
You have tough skin. (AC +1)


Message History

The orc wizard is heavily wounded.
You claw the orc wizard!
You kill the orc wizard!
Makhleb accepts your kill.
Your Invocations skill increases to level 7!
You barely miss the orc priest.
The orc priest hits you with a +0 dagger.
You claw the orc priest!
You kill the orc priest!
Makhleb accepts your kill.
You feel better.
You completely miss the orc. The orc hits you with a +0 club.
You claw the orc!
You kill the orc!
Makhleb accepts your kill.
No target in view!
Found a short sword.
Found a leather armour.
A gargoyle comes into view. It is wielding a +0 flail.
A gargoyle is nearby!
The gargoyle hits you with a +0 flail!!
You scratch the gargoyle but do no damage.
You claw the gargoyle!
The gargoyle is heavily damaged.
The gargoyle hurls a stone arrow at you.
The stone arrow hits you!!
You are too injured to fight recklessly!
You are too injured to fight recklessly!
You are too injured to fight recklessly!
You claw the gargoyle!
The gargoyle is severely damaged.
The gargoyle hits you with a +0 flail!!
* * * LOW HITPOINT WARNING * * *
Unknown command.
You are confused.
You feel invigorated. The gargoyle hits you with a +0 flail.
* * * LOW HITPOINT WARNING * * *
The gargoyle hurls a stone arrow at you.
The stone arrow hits you!!
You die...

...# ...............#
..# ...# ..
............. ...
............ .... ...#
........... ....
....##.......#.... #...
..............##.. ##).
.......9..[...... ##...
#..).......... #...#
##.@...........#...#
##..$...### #......
.......#...######......
..####.##.#..#.###..##.
#..........#....##
#...##..#.......#.
#..[..#.............
#...........##<.....
...#.....##..#....#.#


You could see a gargoyle.

Vanquished Creatures
  Grinder (D:6)
  Menkaure (D:4)
  A water moccasin (D:5)
  An orc warrior (D:8)
  A sky beast (D:8)
  2 ice beasts
  A phantom (D:5)
  A bullfrog (D:8)
  4 scorpions
  A hound (D:4)
  4 orc priests
  2 bombardier beetles
  Natasha (twice) (D:2)
  7 orc wizards (D:6)
  9 adders
  A shadow imp (D:8)
  A white imp (D:6)
  2 ufetubi (D:7)
  3 dart slugs
  14 orcs
  3 ball pythons
  9 bats
  4 endoplasms
  4 giant cockroaches
  5 goblins
  5 hobgoblins
  6 jackals
  A quokka (D:5)
  3 frilled lizards
  9 kobolds
  2 rats (D:1)
110 creatures vanquished.

Notes
Turn   | Place    | Note
-------+----------+-------------------------------------------
     0 | D:1      | Remcycle the Troll Monk began the quest for the Orb.
     0 | D:1      | Reached XP level 1. HP: 22/22 MP: 0/0
   155 | D:1      | Reached XP level 2. HP: 29/29 MP: 1/1
   238 | D:1      | Reached skill level 4 in Unarmed Combat
   706 | D:2      | Found a faded altar of an unknown god.
   710 | D:2      | Prayed at the altar of an unknown god.
   710 | D:2      | Became a worshipper of Makhleb the Destroyer
   710 | D:2      | Reached * piety under Makhleb
   710 | D:2      | Reached ** piety under Makhleb
   734 | D:2      | Noticed Natasha
   744 | D:2      | Killed Natasha
   745 | D:2      | Reached skill level 1 in Invocations
   745 | D:2      | Reached XP level 3. HP: 36/36 MP: 2/2
   886 | D:2      | Noticed Natasha
   890 | D:2      | Killed Natasha
   891 | D:2      | Reached XP level 4. HP: 40/44 MP: 2/4
  1069 | D:2      | Found a glowing golden altar of the Shining One.
  1110 | D:2      | Reached *** piety under Makhleb
  1571 | D:3      | Reached skill level 5 in Unarmed Combat
  1591 | D:3      | Found an opulent altar of Gozag.
  1685 | D:3      | Reached XP level 5. HP: 49/50 MP: 5/5
  1934 | D:4      | Identified a scroll of acquirement
  1934 | D:4      | Acquired the ring "Geupp" {rF+ Str+4 Dex+6}
  2259 | D:4      | Noticed Menkaure
  2267 | D:4      | Killed Menkaure
  2268 | D:4      | Reached XP level 6. HP: 44/59 MP: 7/7
  2558 | D:5      | Entered Level 5 of the Dungeon
  2568 | D:5      | Reached skill level 6 in Unarmed Combat
  2622 | D:5      | Noticed an ice beast
  2625 | D:5      | Killed an ice beast
  2626 | D:5      | Reached XP level 7. HP: 66/66 MP: 7/9
  2696 | D:5      | Found a sparkling altar of Nemelex Xobeh.
  2696 | D:5      | Found a stormy altar of Qazlal.
  2721 | D:5      | Got the Cyclopedia of Wicked Accompaniment
  2884 | D:5      | Reached skill level 7 in Unarmed Combat
  2908 | D:5      | You fall into a shaft and drop 3 floors!
  2962 | D:8      | Reached skill level 5 in Invocations
  2992 | D:8      | Reached **** piety under Makhleb
  3001 | D:8      | HP: 2/99 [orc warrior/+0 flail (18)]
  3004 | D:8      | Reached XP level 8. HP: 2/74 MP: 9/11
  3551 | D:6      | Reached skill level 8 in Unarmed Combat
  3647 | D:6      | Noticed Grinder
  3658 | D:6      | Killed Grinder
  3872 | D:6      | Noticed a gargoyle
  3878 | D:6      | HP: 2/74 [gargoyle/+0 flail (23)]
  3880 | D:6      | Killed from afar by a gargoyle

Illustrated notes

Levels and vault maps discovered:
D:1:      noname_arrival_rooms_in_the_neighbourhood, layout_rooms, minivault_26,
          st_stairs_3
D:2:      layout_basic, basic_ecumenical_altar, basic_altar,
          kennysheep_generic_room_8, uniq_natasha
D:3:      layout_loops_cross, grunt_gozag_statues
D:4:      layout_loops_ring, uniq_menkaure
D:5:      layout_loops_ring, nicolae_overflow_two_pavilions,
          nrook_mini_backslash
D:6:      layout_cave_pools, minmay_a_box_with_orc_wizards_in_it, uniq_grinder
D:7:      layout_gridville, kennysheep_mini, minmay_temple_entry_mini_moons,
          minmay_misc_feat_room
D:8:      layout_basic, special_room [special_room_kobold],
          hangedman_abyss_or_decor_stabs, minmay_crystal_room, item_on_display_a

Skill      XL: |  1  2  3  4  5  6  7  8 |
---------------+-------------------------+-----
Unarmed Combat | 4 5 6 7 8 |  8.9
Invocations    | 1 2 3 4 5 7 |  7.0
Fighting       | |  2.4
Dodging        | |  2.4

Action                     |  1- 3 |  4- 6 |  7- 9 || total
---------------------------+-------+-------+-------++-------
  Melee: Unarmed           |    53 |    87 |   104 ||   244
    Use: Scroll            |       |    11 |       ||    11
         Potion            |       |       |     2 ||     2
 Armour: Robe              |    25 |    45 |    90 ||   160
  Dodge: Dodged            |    26 |    35 |    41 ||   102

Table legend: (Time is in decaauts)
 A = Elapsed time spent in this place.
 B = Non-inter-level travel time spent in this place.
 C = Inter-level travel time spent in this place.
 D = Time resting spent in this place.
 E = Time spent auto-exploring this place.
 F = Levels seen in this place.
 G = Mean time per level.
                   A        B        C        D        E       F      G
               +--------+--------+--------+--------+--------+-----+--------+
         Total |   3867 |   3747 |    120 |     96 |   3058 |   8 |  483.4 |
       Dungeon |   3867 |   3747 |    120 |     96 |   3058 |   8 |  483.4 |
               +--------+--------+--------+--------+--------+-----+--------+

Top non-repeatable levels by time:
     D:2: 787 daAuts
     D:5: 724 daAuts
     D:4: 631 daAuts
     D:3: 584 daAuts
     D:1: 547 daAuts
     D:6: 353 daAuts
     D:8: 170 daAuts
     D:7: 67 daAuts
